 Dungeon Sprint DCSS version 0.25-a0-420-g1cc7eeb0d1 (webtiles) character file.

Game seed: 14983885938991190398, levelgen mode: deterministic

7 Baz the Gusty (level 2, -1/15 HPs)
             Began as a Tengu Air Elementalist on Jan 18, 2020.
             Slain by a scorpion (8 damage)
             ... in the Dungeon (Sprint IX: "|||||||||||||||||||||||||||||").
             The game lasted 00:00:32 (80 turns).

Baz the Gusty (Tengu Air Elementalist)                Turns: 80, Time: 00:00:33

Health: -1/15      AC:  2    Str:  8    XL:     2   Next: 0%
Magic:  0/6        EV: 12    Int: 15    God:
Gold:   0          SH:  0    Dex: 14    Spells: 5/6 levels left

rFire    . . .     SeeInvis .   j - +0 dagger
rCold    . . .     Gourm    .   (no shield)
rNeg     . . .     Faith    .   a - +0 robe
rPois    .         Spirit   .   (helmet restricted)
rElec    .         Reflect  .   (no cloak)
rCorr    .         Harm     .   (no gloves)
MR       .....     NoTele   +   (boots unavailable)
Stlth    ++........             (no amulet)
HPRegen  0.05/turn              (no ring)
MPRegen  0.10/turn              (no ring)

@: hasted, very quick
A: beak, talons 3
a: no special abilities


You were in the Dungeon.
You were not hungry.

You visited 1 branch

Inventory:

Hand Weapons
 j - a +0 dagger (weapon)
Armour
 a - a +0 robe (worn)
Scrolls
 i - a scroll of blinking
Potions
 e - a potion of heal wounds
 g - 2 potions of magic
 h - a potion of berserk rage
Comestibles
 b - 3 chunks of flesh
 c - a ration


   Skills:
 - Level 2.1 Dodging
 - Level 2.0 Stealth
 + Level 2.7 Spellcasting
 + Level 3.1 Conjurations
 + Level 4.9 Air Magic


You had 5 spell levels left.
You knew the following spells:

 Your Spells              Type           Power        Failure   Level  Hunger
a - Shock                 Conj/Air       ##..         4%          1    #......

Your spell library contained the following spells:

 Spells                   Type           Power        Failure   Level  Hunger
 Swiftness                Chrm/Air       #.......     11%         2    ##.....
 Static Discharge         Conj/Air       ##......     12%         3    ###....
 Airstrike                Air            ###.......   26%         4    #####..
 Lightning Bolt           Conj/Air       ##........   73%         5    ######.


Dungeon Overview and Level Annotations

Branches:
Dungeon (1/1)

Altars:


Innate Abilities, Weirdness & Mutations

You have a beak for a mouth.
You have claws for feet.


Message History

Unknown command.
Casting: Shock (safe; 4% risk of failure)
Confirm with . or Enter, or press ? or * to list all spells.
Aiming: Shock (safe; 4% risk of failure)
Press: ? - help, Shift-Dir - straight line The zap hits the scorpion.
The scorpion is heavily wounded.
The zap misses the worker ant. x2; The scorpion stings you!
Ouch! That really hurt!
* * * LOW HITPOINT WARNING * * *
You are lethally poisoned!
The scorpion poisons you!
Unknown command.
You feel better. The scorpion barely misses you.
The crimson imp blinks!
You feel yourself speed up. The scorpion stings you.
The crimson imp misses you.
Unknown command.
You barely miss the crimson imp. The scorpion stings you!
Ouch! That really hurt!
You die... ▓▓▓▓▓▓▓▓▓▓▓▓▓▓▓▓▓▓ ▓<...÷...†5@saa..+ ▓▓▓▓▓▓▓▓▓▓▓▓▓▓▓▓▓▓

You could see a scorpion, 2 worker ants and a crimson imp.

Vanquished Creatures
  A bat (D)
  2 giant cockroaches (D)
  A goblin (D)
  A kobold (D)
  A rat (D)
6 creatures vanquished.

Notes
Turn   | Place    | Note
-------+----------+-------------------------------------------
     0 | D        | Baz the Tengu Air Elementalist began the quest for the Orb.
     0 | D        | Reached XP level 1. HP: 10/10 MP: 4/4
    71 | D        | Noticed a crimson imp
    71 | D        | Noticed a scorpion
    71 | D        | Noticed a worker ant
    71 | D        | Noticed a worker ant
    74 | D        | Reached XP level 2. HP: 12/15 MP: 3/6
    80 | D        | Slain by a scorpion

Levels and vault maps discovered:
D:        linesprint [early_d, line_temple, items_1, d_10, items_2, lair_1,
          lair_end, items_3, orc_1, orc_end, items_4, d_15, swamp_1, shoals_1,
          snake_1, spider_1, d_20, vaults_1, items_5, swamp_end, shoals_end,
          snake_end, spider_end, vaults_end, d_27, items_6, zot_1, zot_end,
          crypt_end, forest_end, elf_end, slime_end, tomb_end, abyss_end,
          pan_hell_end]

Skill      XL: |  1 |
---------------+----+-----
Conjurations   | 3 |  3.1
Dodging        | |  2.1
Stealth        | |  2.0
Spellcasting   | |  2.7
Air Magic      | |  4.9

Action                   || total
-------------------------++-------
Melee: Dagger            ||     1
 Cast: Shock             ||     9
  Use: Potion            ||     2
Armor: Robe              ||     2
Dodge: Dodged            ||     5

Table legend:
 A = Non-vault XP
 B = Vault XP
 C = Vault XP percentage of total XP
 D = Non-vault monster count
 E = Vault monster count
 F = Vault count percentage of total count
                 A         B        C        D         E       F
            +---------+---------+-------+---------+---------+-------
      Total |       0 |      10 | 100.0 |       0 |       6 | 100.0
            +---------+---------+-------+---------+---------+-------
          D |       0 |      10 | 100.0 |       0 |       6 | 100.0
            +---------+---------+-------+---------+---------+-------
